 Dungeon Crawl Stone Soup version 0.22-a0-456-g11ed031617 (webtiles) character file.

1633 Kriby the Cleaver (level 9, -10/72 HPs)
             Began as a Human Abyssal Knight on June 7, 2018.
             Was a Priest of Lugonu.
             Mangled by a yak (13 damage)
             ... on level 6 of the Dungeon.
             The game lasted 00:08:48 (6074 turns).

Kriby the Cleaver (Human Abyssal Knight)            Turns: 6074, Time: 00:08:49

Health: -10/72     AC:  9    Str: 19    XL:     9   Next: 18%
Magic:  10/10      EV: 11    Int: 17    God:    Lugonu [***...]
Gold:   149        SH:  0    Dex: 12    Spells: 8/8 levels left

rFire    + . .     SeeInvis .   b - +2 dagger (venom)
rCold    . . .     Gourm    .   (no shield)
rNeg     . . .     Faith    .   q - +3 ring mail {rF+}
rPois    .         Spirit   .   x - +0 helmet
rElec    .         Reflect  .   (no cloak)
rCorr    .         Harm     .   u - -1 pair of gloves (curse)
MR       .....                  (no boots)
Stlth    +.........             (no amulet)
HPRegen  0.22/turn              f - +2 ring of strength
MPRegen  0.12/turn              s - +3 ring of slaying

@: brilliant, hasted, very quick
A: no striking features
a: Depart the Abyss, Bend Space, Banish, Renounce Religion


You were on level 6 of the Dungeon.
You worshipped Lugonu.
Lugonu was most pleased with you.
You were not hungry.

You visited 1 branch of the dungeon, and saw 6 of its levels.
You visited the Abyss 1 time.

You collected 224 gold pieces.
You spent 75 gold pieces at shops.

Inventory:

Hand Weapons
 a - a +1 hand axe
 b - a +2 dagger of venom (weapon)
 e - a +0 dagger of speed
 z - a +1 short sword of holy wrath
Missiles
 h - a throwing net
 l - 2 javelins (quivered)
Armour
 d - a +2 leather armour of cold resistance
 q - a +3 ring mail of fire resistance (worn)
 t - a +0 leather armour
 u - a cursed -1 pair of gloves (worn)
 x - a +0 helmet (worn)
 E - a +0 pair of gloves
Jewellery
 c - an uncursed ring of protection from cold
 f - a +2 ring of strength (left hand)
 n - an uncursed ring of positive energy
 s - a +3 ring of slaying (right hand)
Wands
 y - a wand of polymorph (20)
Scrolls
 g - a scroll of amnesia
 i - 2 scrolls of enchant weapon
 j - 3 scrolls of magic mapping
 k - 2 scrolls of identify {@r1}
 B - 2 scrolls of fear
Potions
 m - a potion of cancellation
 p - a potion of haste {@q3}
 v - a potion of brilliance
 w - a potion of magic
 C - a potion of might {unknown}
 D - 2 potions of degeneration {unknown}
Comestibles
 o - 18 rations {@e1}
 A - 4 chunks of flesh


   Skills:
 + Level 7.0 Fighting
 * Level 9.3 Axes
 - Level 2.0 Armour
 - Level 1.0 Dodging
 - Level 2.0 Invocations


You had 8 spell levels left.
You didn't know any spells.
Your spell library contained the following spells:

 Spells                   Type           Power        Failure   Level  Hunger
 Magic Dart               Conj           ##..         4%          1    ##.....
 Iskenderun's Mystic Bla  Conj           ##......     36%         4    #####..
 Fulminant Prism          Conj/Hex       ##........   36%         4    #####..
 Dazzling Spray           Conj/Hex       ##....       13%         3    ####...
 Force Lance              Conj/Tloc      ##......     36%         4    #####..
 Searing Ray              Conj           ##....       7%          2    ###....


Dungeon Overview and Level Annotations

Branches:
Dungeon (6/15)             Temple (0/1) D:5

Altars:
Cheibriados
Fedhas
Nemelex Xobeh
Ru
Sif Muna

Shops:
D:5 *

Annotations:
D:4 HANFGEIST's ghost, amateur OpTm


Message History

You hit the yak.
The yak looks as sick as possible!
The yak is heavily wounded.
The yak gores you!
* * * LOW HITPOINT WARNING * * *
You closely miss the yak.
The yak is heavily wounded.
The yak gores you but does no damage.
Found 17 gold pieces.
The yak gores you!
* * * LOW HITPOINT WARNING * * *
It was a potion of magic.
Magic courses through your body. The yak gores you.
* * * LOW HITPOINT WARNING * * *
It was a potion of haste.
You feel yourself speed up.
You kill the yak!
Lugonu accepts your kill.
Your Fighting skill increases to level 7!
It was a potion of brilliance.
You feel clever all of a sudden. The yak gores you!
You die...

.# # .# .# .#.# ..
.#.# .#.###
..##.#######.#.$..
.......@YY#...#####.
..##.####...#.......
#.#...# #.##.##
#.##†# ...#........
......###...
#....... ..?....##


You could see 2 yaks.

Vanquished Creatures
  Grinder (D:3)
  Sigmund (D:3)
  3 yaks (D:6)
  Eustachio (D:6)
  An ice beast (D:5)
  A bullfrog (D:3)
  A scorpion (D:5)
  A howler monkey (D:3)
  3 hounds
  2 iguanas
  Jessica (D:3)
  Ijyb (D:3)
  A bullfrog skeleton (D:5)
  An orc wizard (D:5)
  A worker ant (D:4)
  Robin (D:3)
  3 gnolls (D:3)
  5 adders
  An ooze (D:1)
  An adder skeleton (D:4)
  3 worms
  4 dart slugs
  4 leopard geckos
  7 orcs
  2 giant cockroaches
  18 goblins
  10 hobgoblins
  11 jackals
  2 kobolds
  2 ball pythons
  7 bats
  3 frilled lizards
  A leopard gecko zombie (D:5)
  A quokka skeleton (D:4)
  6 rats
112 creatures vanquished.

Vanquished Creatures (others)
  A goblin (D:3)
1 creature vanquished.

Grand Total: 113 creatures vanquished

Notes
Turn   | Place    | Note
-------+----------+-------------------------------------------
     0 | Abyss:1  | Kriby the Human Abyssal Knight began the quest for the Orb.
     0 | Abyss:1  | Reached XP level 1. HP: 18/18 MP: 2/2
    45 | Abyss:1  | Noticed a large abomination
    69 | D:1      | Escaped the Abyss
   144 | D:1      | Reached XP level 2. HP: 19/24 MP: 3/3
   146 | D:1      | Reached * piety under Lugonu
   508 | D:1      | Reached XP level 3. HP: 29/29 MP: 4/4
   570 | D:1      | Reached skill level 3 in Axes
  1207 | D:2      | Found a blossoming altar of Fedhas.
  1522 | D:2      | Reached XP level 4. HP: 32/35 MP: 5/5
  2093 | D:3      | Noticed Ijyb
  2103 | D:3      | Killed Ijyb
  2103 | D:3      | Reached skill level 4 in Axes
  2161 | D:3      | Reached ** piety under Lugonu
  2182 | D:3      | Found a snail-covered altar of Cheibriados.
  2193 | D:3      | Reached XP level 5. HP: 39/42 MP: 6/6
  2264 | D:3      | Noticed Robin
  2505 | D:3      | Killed Robin
  2726 | D:3      | Noticed Sigmund
  2749 | D:3      | Killed Sigmund
  2749 | D:3      | Reached skill level 5 in Axes
  2749 | D:3      | Reached XP level 6. HP: 36/49 MP: 7/7
  3174 | D:3      | Noticed Grinder
  3195 | D:3      | Paralysed by Grinder for 3 turns
  3199 | D:3      | Killed Grinder
  3199 | D:3      | Reached skill level 5 in Fighting
  3199 | D:3      | Reached skill level 6 in Axes
  3199 | D:3      | Reached XP level 7. HP: 29/56 MP: 8/8
  3372 | D:3      | Noticed Jessica
  3384 | D:3      | Killed Jessica
  3583 | D:4      | Noticed HANFGEIST's ghost (amateur OpTm)
  4342 | D:4      | Reached skill level 7 in Axes
  4342 | D:4      | Reached XP level 8. HP: 51/63 MP: 9/9
  4344 | D:4      | Reached *** piety under Lugonu
  4891 | D:5      | Entered Level 5 of the Dungeon
  5183 | D:5      | Found a deep blue altar of Sif Muna.
  5326 | D:5      | Found a sacrificial altar of Ru.
  5572 | D:5      | Found Vesawun's Assorted Antiques.
  5593 | D:5      | Bought a glowing blue potion for 25 gold pieces
  5593 | D:5      | Bought a glowing blue potion for 25 gold pieces
  5593 | D:5      | Bought a murky golden potion for 25 gold pieces
  5628 | D:5      | Found a staircase to the Ecumenical Temple.
  5815 | D:5      | Reached skill level 8 in Axes
  5944 | D:5      | Found a sparkling altar of Nemelex Xobeh.
  5969 | D:6      | Noticed Eustachio
  5982 | D:6      | Killed Eustachio
  6041 | D:6      | Noticed a yak
  6041 | D:6      | Noticed a yak
  6041 | D:6      | Noticed a yak
  6041 | D:6      | Noticed a yak
  6042 | D:6      | Noticed a yak
  6050 | D:6      | Killed a yak
  6059 | D:6      | Killed a yak
  6059 | D:6      | Reached skill level 9 in Axes
  6059 | D:6      | Reached XP level 9. HP: 54/71 MP: 10/10
  6072 | D:6      | HP: 2/71 [yak (5)]
  6074 | D:6      | Mangled by a yak

Vault maps used:
D:1:      minmay_arrival_solitary_statue
D:2:      fedhas_altar_2
D:3:      lemuel_round_altar, first_ration, minmay_misc_feat_chi, uniq_grinder,
          uniq_robin, uniq_jessica, uniq_ijyb, uniq_sigmund
D:4:      kennysheep_nub
D:5:      nemelex_altar_shiori, nicolae_overflow_crystal_walls,
          minmay_temple_entry_hall, serial_shops, nicolae_shop_trees,
          lemuel_statue_altar
D:6:      okawaru_trees_1, hangedman_minor_gate_pass, uniq_duvessa,
          uniq_eustachio

Skill      XL: |  1  2  3  4  5  6  7  8  9 |
---------------+----------------------------+-----
Axes           | 3 4 5 6 7 9 |  9.3
Fighting       | 4 5 6 7 |  7.0
Armour         | |  2.0
Dodging        | |  1.0
Invocations    | |  2.0

Action                   |  1- 3 |  4- 6 |  7- 9 || total
-------------------------+-------+-------+-------++-------
Melee: Hand axe          |    70 |       |    16 ||    86
       Dagger            |    35 |   139 |   191 ||   365
       Unarmed           |       |     5 |       ||     5
Invok: Depart the Abyss  |     1 |       |       ||     1
Evoke: Wand              |       |     1 |       ||     1
  Use: Potion            |       |     2 |     3 ||     5
       Scroll            |       |       |     5 ||     5
  Eat: Chunk             |     2 |     5 |    10 ||    17
Armor: Leather armour    |    31 |     6 |       ||    37
       Ring mail         |       |    53 |    97 ||   150
Dodge: Dodged            |    60 |    67 |   122 ||   249

Table legend:
 A = Spawn XP
 B = Non-spawn XP
 C = Spawn XP percentage of total XP
 D = Spawn monster count
 E = Non-spawn monster count
 F = Spawn count percentage of total count
 G = Total turns spent on level
                    A         B        C        D         E        F      G
               +---------+---------+-------+---------+---------+-------+---------
         Total |       0 |    2333 |   0.0 |       0 |     112 |   0.0 |  6074
               +---------+---------+-------+---------+---------+-------+---------
           D:1 |       0 |      45 |   0.0 |       0 |      21 |   0.0 |   853
           D:2 |       0 |      54 |   0.0 |       0 |      19 |   0.0 |  1340
           D:3 |       0 |     848 |   0.0 |       0 |      39 |   0.0 |  2047
           D:4 |       0 |     162 |   0.0 |       0 |      15 |   0.0 |   582
           D:5 |       0 |     390 |   0.0 |       0 |      13 |   0.0 |  1074
           D:6 |       0 |     834 |   0.0 |       0 |       5 |   0.0 |   109
               +---------+---------+-------+---------+---------+-------+---------
